 Dungeon Crawl Stone Soup version 0.23.1 (webtiles) character file.

Game seed: 14038175884155190299

3413 Kisielow the Nimble (level 10, -1/77 HPs)
             Began as a Merfolk Transmuter on Mar 16, 2019.
             Was an Elder of Okawaru.
             Slain by an orc warrior
             ... wielding a cursed -1 halberd
              (12 damage)
             ... on level 8 of the Dungeon.
             The game lasted 00:16:51 (9462 turns).

Kisielow the Nimble (Merfolk Transmuter)            Turns: 9462, Time: 00:16:53

Health: -1/77      AC:  2    Str: 13    XL:     10   Next: 4%
Magic:  13/13      EV: 32    Int: 15    God:    Okawaru [****..]
Gold:   375        SH:  0    Dex: 20    Spells: 1/13 levels left

rFire    . . .     SeeInvis .     - Unarmed
rCold    . . .     Gourm    .   (shield currently unavailable)
rNeg     . . .     Faith    .   (armour currently unavailable)
rPois    x         Spirit   .   (helmet currently unavailable)
rElec    .         Reflect  .   (cloak currently unavailable)
rCorr    .         Harm     .   (gloves currently unavailable)
MR       .....                  (boots currently unavailable)
Stlth    +.........             (no amulet)
HPRegen  0.22/turn              h - +2 ring of strength
MPRegen  0.13/turn              (no ring)

@: confused, spider-form
A: tiny, (change form in water), (swift swim), (stealthy swim)
a: End Transformation, Heroism, Renounce Religion


You were on level 8 of the Dungeon.
You worshipped Okawaru.
Okawaru was greatly pleased with you.
You were not hungry.
You were a venomous arachnid creature.
You visited 2 branches of the dungeon, and saw 9 of its levels.
You also visited: Ossuary.

You collected 375 gold pieces.

Inventory:

Missiles
 u - 5 javelins of penetration (quivered)
Armour
 b - a +0 robe (melded)
 f - a +1 pair of gloves (melded)
 k - a +0 cloak (melded)
 z - a +0 troll leather armour
Jewellery
 h - a +2 ring of strength (left front leg)
Wands
 g - a wand of flame (24)
 n - a wand of digging (3)
 v - a wand of scattershot (6)
 w - a wand of acid (8)
 y - a wand of random effects (12)
Scrolls
 i - 8 scrolls of remove curse
 m - 7 scrolls of teleportation
 s - 4 scrolls of amnesia
Potions
 a - 3 potions of might {unknown}
 c - 2 potions of lignification {unknown}
 e - 3 potions of curing
 j - a potion of mutation {unknown}
 l - 3 potions of degeneration {unknown}
 o - a potion of brilliance {unknown}
 p - 5 potions of haste {unknown}
 r - 2 potions of agility {unknown}
 t - 3 potions of resistance {unknown}
 A - 3 potions of flight
Comestibles
 d - 20 rations
 x - 9 chunks of flesh


   Skills:
 + Level 6.7 Fighting
 + Level 11.4 Dodging
 + Level 8.7 Unarmed Combat
 - Level 2.0 Spellcasting
 * Level 7.3 Transmutations


You had one spell level left.
You knew the following spells:

 Your Spells              Type           Power        Failure   Level  Hunger
e - Blade Hands           Tmut           ###.......   52%         5    ######.
q - Spider Form           Tmut/Pois      ##........   32%         3    ###....
w - Ice Form              Ice/Tmut       ##......     65%         4    #####..

Your spell library contained the following spells:

 Spells                   Type           Power        Failure   Level  Hunger
 Beastly Appendage        Tmut           ###...       5%          1    #......
 Corona                   Hex            #......      43%         1    #......
 Sticks to Snakes         Tmut           ###.....     7%          2    ###....
 Slow                     Hex            #.......     54%         2    ###....
 Inner Flame              Hex/Fire       #.......     75%         3    ###....
 Portal Projectile        Hex/Tloc       #.....       75%         3    ###....
 Cause Fear               Hex            #.........   98%         4    #####..
 Leda's Liquefaction      Hex/Erth       #.........   98%         4    #####..


Dungeon Overview and Level Annotations

Branches:
Dungeon (8/15)             Temple (1/1) D:5
   Lair: D:8-11

Altars:
Ashenzari
Cheibriados
Dithmenos
Elyvilon
Fedhas
Gozag
Hepliaklqana
Kikubaaqudgha
Makhleb
Nemelex Xobeh
Okawaru
Qazlal
Ru
Sif Muna
Trog
Uskayaw
Vehumet
Wu Jian
Xom
Yredelemnul
Zin
The Shining One

Shops:
D:5 *

Annotations:
D:5 2 transporters, luab's ghost, amateur SpEn


Message History

You feel invigorated. The orc warrior misses you.
The orc wizard hits you with a +3 dagger of speed.
* * * LOW HITPOINT WARNING * * *
The orc priest closely misses you.
You hit the orc warrior but do no damage.
The orc warrior is poisoned.
The orc wizard misses you. The orc warrior completely misses you.
You bite the orc wizard!
The orc wizard is almost dead.
The orc priest calls upon Beogh to heal the orc warrior.
The orc warrior's wounds heal themselves!
The orc wizard gestures wildly while chanting.
The orc wizard blinks!
You hit the orc warrior.
The orc warrior looks as sick as possible!
The orc warrior is lightly wounded.
The orc priest hits you with a +0 club.
* * * LOW HITPOINT WARNING * * *
The orc warrior hits you with a cursed -1 halberd!
You die...

......#
######.#
##+##+# #.#
#.# #.# #.#
#.#####
######.....#
......'.!...#
.######..s..#
#.Yoo.#
#..........
#.........[#
#.....o....#
#......(...#
'..........#
##..........#


You could see an orc warrior, an ice beast, an orc priest and an orc wizard.

Vanquished Creatures
  A troll (D:8)
  A yak (D:7)
  3 hogs (D:7)
  A wyvern (D:8)
  A human (D:7)
  A water moccasin (D:7)
  An orc warrior (D:6)
  2 ice beasts
  A phantom (D:8)
  2 centaurs (D:7)
  5 bullfrogs
  A howler monkey (D:5)
  An electric eel (D:7)
  3 crimson imps (D:6)
  A jelly (D:8)
  A bullfrog zombie (D:5)
  Crazy Yiuf (D:2)
  6 orc priests
  3 bullfrog skeletons
  2 hounds (D:8)
  Jessica (D:3)
  6 orc wizards
  2 worker ants
  2 iguanas (D:8)
  A hound skeleton (D:6)
  2 hound zombies
  12 mummies (Ossuary)
  A worker ant zombie (D:5)
  6 gnolls
  11 adders
  2 oozes
  An adder skeleton (D:4)
  4 dart slugs
  6 leopard geckos
  14 orcs
  10 bats
  7 giant cockroaches
  3 gnoll skeletons (Ossuary)
  6 goblins
  4 hobgoblins
  11 jackals
  11 kobolds
  7 quokkas
  A ball python skeleton (D:4)
  6 frilled lizards
  A goblin skeleton (Ossuary)
  2 kobold skeletons (Ossuary)
  2 orc skeletons (Ossuary)
  A quokka skeleton (D:5)
  9 rats
  11 rat skeletons (Ossuary)
201 creatures vanquished.

Notes
Turn   | Place    | Note
-------+----------+-------------------------------------------
     0 | D:1      | Kisielow the Merfolk Transmuter began the quest for the
                  | Orb.
     0 | D:1      | Reached XP level 1. HP: 15/15 MP: 3/3
    40 | D:1      | Reached XP level 2. HP: 5/21 MP: 5/5
   802 | D:1      | Reached XP level 3. HP: 23/26 MP: 6/6
   843 | D:1      | Learned a level 3 spell: Spider Form
  1401 | D:2      | Reached skill level 5 in Unarmed Combat
  1801 | D:2      | Reached XP level 4. HP: 25/32 MP: 7/7
  1926 | D:2      | Found a sparkling altar of Nemelex Xobeh.
  1964 | D:2      | Found a hazy altar of Hepliaklqana.
  2539 | D:2      | Found a runed translucent door.
  2540 | D:2      | Noticed Crazy Yiuf
  2783 | D:2      | Killed Crazy Yiuf
  2783 | D:2      | Reached XP level 5. HP: 37/37 MP: 4/8
  3354 | D:3      | Reached skill level 5 in Transmutations
  3773 | D:3      | Noticed Jessica
  3777 | D:3      | Killed Jessica
  3887 | D:3      | Reached XP level 6. HP: 40/43 MP: 6/9
  4484 | D:5      | Entered Level 5 of the Dungeon
  4485 | D:5      | Found a transporter.
  4492 | D:5      | Found a transporter.
  4492 | D:5      | Noticed a two-headed ogre
  4493 | D:5      | Noticed luab's ghost (amateur SpEn)
  4562 | D:5      | Reached skill level 3 in Dodging
  4581 | D:5      | Found a staircase to the Ecumenical Temple.
  4659 | Temple   | Entered the Ecumenical Temple
  4777 | Temple   | Became a worshipper of Warmaster Okawaru
  4982 | D:5      | Found Vyleg's Assorted Antiques.
  5486 | D:6      | Reached XP level 7. HP: 49/49 MP: 6/10
  5496 | D:6      | Reached skill level 4 in Dodging
  5735 | D:6      | Reached skill level 5 in Dodging
  5745 | D:6      | Reached * piety under Okawaru
  6025 | D:6      | Reached skill level 6 in Dodging
  6025 | D:6      | Reached XP level 8. HP: 46/58 MP: 8/11
  6700 | D:6      | Reached skill level 7 in Dodging
  7172 | D:7      | Found a sand-covered staircase.
  7182 | Ossuary  | Entered an ossuary
  7367 | Ossuary  | Reached ** piety under Okawaru
  7382 | Ossuary  | Reached skill level 8 in Dodging
  8053 | D:7      | Reached XP level 9. HP: 67/67 MP: 9/12
  8215 | D:7      | Reached skill level 5 in Fighting
  8215 | D:7      | Reached skill level 9 in Dodging
  8372 | D:7      | Learned a level 4 spell: Ice Form
  8381 | D:7      | Learned a level 5 spell: Blade Hands
  8484 | D:7      | Reached *** piety under Okawaru
  8484 | D:7      | Reached skill level 10 in Dodging
  9238 | D:8      | Reached skill level 11 in Dodging
  9389 | D:8      | Noticed a troll
  9405 | D:8      | Killed a troll
  9405 | D:8      | Reached **** piety under Okawaru
  9405 | D:8      | Reached XP level 10. HP: 73/77 MP: 10/13
  9459 | D:8      | HP: 3/77 [orc wizard/+3 dagger of speed (4)]
  9462 | D:8      | Slain by an orc warrior

Skill      XL: |  1  2  3  4  5  6  7  8  9 |
---------------+----------------------------+-----
Unarmed Combat | 4 5 6 7 8 |  8.7
Transmutations | 4 6 7 |  7.3
Dodging        | 3 6 8 11 | 11.4
Fighting       | 3 4 6 |  6.7
Spellcasting   | |  2.0

Action                   |  1- 3 |  4- 6 |  7- 9 | 10-12 || total
-------------------------+-------+-------+-------+-------++-------
Melee: Unarmed           |   122 |   191 |   394 |    16 ||   723
       Punch             |     3 |     2 |     1 |       ||     6
 Cast: Spider Form       |     1 |    18 |    35 |     1 ||    55
       Beastly Appendage |       |     1 |       |       ||     1
  Use: Scroll            |     5 |     4 |     6 |       ||    15
       Potion            |       |     1 |     2 |     1 ||     4
 Stab: Sleeping          |     2 |     2 |       |       ||     4
       Distracted        |       |       |     1 |       ||     1
  Eat: Chunk             |     3 |    13 |    13 |       ||    29
       Ration            |       |       |     2 |       ||     2
Armor: Robe              |    16 |    29 |     9 |       ||    54
       Skin              |       |     3 |     8 |       ||    11
Dodge: Dodged            |    74 |   134 |   350 |    24 ||   582
